 Dungeon Crawl Stone Soup version 0.17.0-15-g6d90897 (webtiles) character file.

2765 dysrexia the Grappler (level 9, 0/74 HPs)
             Began as a Troll Earth Elementalist on Nov 10, 2015.
             Was a Priest of Okawaru.
             Slain by septik's ghost (26 damage)
             ... on level 8 of the Dungeon.
             The game lasted 00:23:50 (6073 turns).

dysrexia the Grappler (Troll Earth Elementalist)    Turns: 6073, Time: 00:23:50

Health: 0/74       AC: 12    Str: 22    XL:     9   Next: 42%
Magic:  5/9        EV: 15    Int: 13    God:    Okawaru [***...]
Gold:   121        SH:  0    Dex: 13    Spells: 1 memorised, 8 levels left

rFire  . . .     SeeInvis .       - Unarmed
rCold  + . .     Clarity  .     b - +1 robe
rNeg   . . .     SustAt   .     (no shield)
rPois  .         Gourm    +     (helmet restricted)
rElec  .         Spirit   .     r - +2 cloak
rCorr  .         Warding  .     (gloves unavailable)
rMut   .         Stasis   .     (boots unavailable)
MR     .....                    (no amulet)
Stlth  ++........               u - +4 ring of strength
                                y - ring "Idwag" {rC+ EV+1 Int+2}

@: stone skin, heroism, not resistant to hostile enchantments, unstealthy
A: unfitting armour, claws 3, talons 1, blurry vision 2, fast metabolism 3,
gourmand, regeneration 2, shaggy fur 1, spit poison 1, tough skin 2
a: Spit Poison, Heroism, Renounce Religion


You were on level 8 of the Dungeon.
You worshipped Okawaru.
Okawaru was most pleased with you.
You were completely stuffed.

You visited 2 branches of the dungeon, and saw 9 of its levels.

You collected 417 gold pieces.
You spent 296 gold pieces at shops.

Inventory:

Hand Weapons
 x - a +0 blowgun
 F - a +0 giant spiked club
Missiles
 a - 317 stones (quivered)
 v - 22 poisoned needles
Armour
 b - a +1 robe (worn)
 r - a +2 cloak (worn)
Magical Staves
 G - an uncursed staff of wizardry
Jewellery
 o - an uncursed ring of wizardry
 u - a +4 ring of strength (right claw)
 y - the ring "Idwag" (left claw) {rC+ EV+1 Int+2}
   (You bought it in a shop on level 5 of the Dungeon)

   [ring of evasion]

   It affects your evasion (+1).
   It affects your intelligence (+2).
   It protects you from cold.
Wands
 l - a wand of fire (14)
Scrolls
 h - a scroll of enchant armour
 k - 2 scrolls of blinking
 t - 2 scrolls of remove curse
 w - 5 scrolls of identify
 A - a scroll of enchant weapon
 C - a scroll of magic mapping
Potions
 e - 4 potions of lignification
 f - a potion of might {unknown}
 j - a potion of cure mutation {unknown}
 m - a potion of flight {unknown}
 p - a potion of haste {unknown}
 q - a potion of curing {unknown}
 z - a potion of agility {unknown}
 D - a potion of invisibility {unknown}
Books
 c - a book of Geomancy

   Spells                             Type                      Level
   a - Sandblast                      Earth                        1
   b - Stoneskin                      Transmutation/Earth          2
   c - Passwall                       Transmutation/Earth          3
   d - Stone Arrow                    Conjuration/Earth            3
   e - Petrify                        Transmutation/Earth          4
   f - Lee's Rapid Deconstruction     Earth                        5
 B - a book of Summonings

   Spells                             Type                      Level
   a - Recall                         Summoning/Translocation      3
   b - Aura of Abjuration             Summoning                    5
   c - Shadow Creatures               Summoning                    5
   d - Summon Demon                   Summoning                    5
   e - Summon Forest                  Summoning/Translocation      5
   f - Summon Mana Viper              Hexes/Summoning              5
 I - a book of Party Tricks

   Spells                             Type                      Level
   a - Summon Butterflies             Summoning                    1
   b - Apportation                    Translocation                1
   c - Tukima's Dance                 Hexes                        3
   d - Alistair's Intoxication        Transmutation/Poison         4
   e - Invisibility                   Hexes                        6
Comestibles
 d - 9 bread rations
 g - 2 royal jellies
 i - 5 fruits
 n - 6 meat rations
 s - 8 slices of pizza
 E - 4 chunks of flesh
 H - 3 beef jerkies


   Skills:
 + Level 3.8(8.8) Dodging
 - Level 1.1(6.1) Stealth
 * Level 9.9(14.9) Unarmed Combat
 - Level 1.2 Spellcasting
 - Level 2.5 Transmutations
 - Level 5.8 Earth Magic
 - Level 2.0 Invocations


You had 8 spell levels left.
You knew the following spells:

 Your Spells              Type           Power        Failure   Level  Hunger
b - Stoneskin             Trmt/Erth      ##......     10%         2    ###....


Dungeon Overview and Level Annotations

Branches:
Dungeon (8/15)             Temple (1/1) D:4
   Lair: D:8-11

Altars:
Ashenzari
Dithmenos
Elyvilon
Fedhas
Gozag
Kikubaaqudgha
Makhleb
Nemelex Xobeh
Okawaru
Qazlal
Sif Muna
Trog
Vehumet
Yredelemnul
Zin
The Shining One

Shops:
D:5 =

Annotations:
D:7 Prince Ribbit
D:8 septik's ghost, novice TrMo


Innate Abilities, Weirdness & Mutations

You are too large for most types of armour.
You have claws for hands.
Your metabolism is lightning-fast.
You like to eat raw meat.
You heal very quickly.
You are covered in fur (AC +1).
You have very tough skin (AC +2).
You have sharp toenails.
Scrolls take you longer to read.
You can spit weak poison.


Message History

Press: ? - help, v - describe, . - travel
Here: septik's ghost The floor.
Septik's ghost says, "I'll show you the great annihilating truth!"
Casting: Stoneskin
Confirm with . or Enter, or press ? or * to list all spells.
Your skin hardens.
Septik's ghost barely misses you.
You gain the combat prowess of a mighty hero.
You feel slightly less full. Septik's ghost hits you.
You claw septik's ghost!
You claw septik's ghost, but do no damage.
Septik's ghost is lightly damaged.
You claw septik's ghost!
Septik's ghost is moderately damaged.
Septik's ghost hits you!!
You mangle septik's ghost!!
You claw septik's ghost, but do no damage.
Septik's ghost is heavily damaged.
Septik's ghost hits you!!
You die...

### ##.## #<..#
#...# #...#
#####...#
######.[..@..#
#.####......###W..#
.........#### #...#
.#######..#####...#
#...##....##
#.......###
#......##
##.._..#######
#...........##


You could see septik's ghost.

Vanquished Creatures
  A human (D:7)
  A hippogriff (D:7)
  Menkaure (D:7)
  Edmund (D:5)
  Duvessa (D:7)
  2 sky beasts
  An ice beast (D:5)
  3 ogres
  A big kobold (D:7)
  3 giant frogs
  Dowan (D:7)
  5 scorpions
  2 crimson imps
  2 giant frog zombies
  4 jellies
  A centaur zombie (D:7)
  Crazy Yiuf (D:2)
  A centaur skeleton (D:5)
  A giant frog skeleton (D:5)
  3 hounds
  6 orc wizards
  4 worker ants
  4 sheep (D:7)
  A hound skeleton (D:4)
  8 adders
  4 gnolls (D:3)
  4 worms
  6 giant geckos
  16 orcs
  2 ball pythons
  4 bats
  5 goblins
  3 hobgoblins
  7 jackals
  14 kobolds
  7 quokkas
  A ball python skeleton (D:5)
  5 giant cockroaches
  7 giant newts
  A quokka skeleton (D:8)
  6 rats
151 creatures vanquished.

Vanquished Creatures (others)
  A plant (D:1)
1 creature vanquished.

Grand Total: 152 creatures vanquished

Notes
Turn   | Place    | Note
--------------------------------------------------------------
     0 | D:1      | dysrexia the Troll Earth Elementalist began the quest for the Orb.
     0 | D:1      | Reached XP level 1. HP: 16/16 MP: 1/1
    71 | D:1      | Reached skill level 1 in Unarmed Combat
   114 | D:1      | Reached XP level 2. HP: 24/24 MP: 2/2
   205 | D:1      | Reached skill level 3 in Earth Magic
   359 | D:1      | Learned a level 2 spell: Stoneskin
   956 | D:1      | Reached XP level 3. HP: 15/31 MP: 3/3
  1234 | D:2      | Reached skill level 1 in Transmutations
  1409 | D:2      | Noticed Crazy Yiuf
  1413 | D:2      | Killed Crazy Yiuf
  1413 | D:2      | Reached XP level 4. HP: 39/39 MP: 4/4
  1515 | D:2      | Found a stormy altar of Qazlal.
  1642 | D:2      | Found a shadowy altar of Dithmenos.
  1642 | D:2      | Found a shattered altar of Ashenzari.
  1880 | D:3      | Reached XP level 5. HP: 33/45 MP: 5/5
  2243 | D:3      | Found a white marble altar of Elyvilon.
  2556 | D:4      | Found a burning altar of Makhleb.
  2556 | D:4      | Noticed a balrug
  2629 | D:4      | Found a staircase to the Ecumenical Temple.
  2643 | Temple   | Entered the Ecumenical Temple
  2669 | Temple   | Became a worshipper of Warmaster Okawaru
  2758 | D:4      | Reached skill level 4 in Unarmed Combat
  2758 | D:4      | Reached XP level 6. HP: 47/53 MP: 6/6
  3031 | D:5      | Entered Level 5 of the Dungeon
  3150 | D:5      | Noticed Edmund
  3179 | D:5      | Killed Edmund
  3179 | D:5      | Reached * piety under Okawaru
  3179 | D:5      | Reached skill level 5 in Unarmed Combat
  3250 | D:5      | Found a deep blue altar of Sif Muna.
  3260 | D:5      | Reached XP level 7. HP: 51/59 MP: 7/7
  3334 | D:5      | Found Goehet's Jewellery Emporium.
  3456 | D:5      | Gained mutation: Scrolls take you a little longer to read. [mutagenic meat]
  3457 | D:5      | Gained mutation: You can spit weak poison. [mutagenic meat]
  3458 | D:5      | Gained mutation: Scrolls take you longer to read. [mutagenic meat]
  3459 | D:5      | Gained mutation: You have sharp toenails. [mutagenic meat]
  3498 | D:5      | Reached skill level 6 in Unarmed Combat
  3516 | D:5      | Reached skill level 5 in Earth Magic
  3710 | D:5      | Found a sparkling altar of Nemelex Xobeh.
  3768 | D:5      | Bought the ring "Idwag" {rC+ EV+1 Int+2} for 296 gold pieces
  4019 | D:5      | Reached XP level 8. HP: 56/67 MP: 8/8
  4051 | D:5      | Reached skill level 7 in Unarmed Combat
  4139 | D:6      | Found a bloodstained altar of Trog.
  4801 | D:6      | Reached skill level 1 in Invocations
  4908 | D:7      | Reached ** piety under Okawaru
  5082 | D:7      | Reached skill level 8 in Unarmed Combat
  5326 | D:7      | Noticed Menkaure
  5332 | D:7      | Killed Menkaure
  5334 | D:7      | Reached XP level 9. HP: 46/74 MP: 6/9
  5346 | D:7      | Reached skill level 9 in Unarmed Combat
  5361 | D:7      | Noticed Duvessa
  5365 | D:7      | Noticed Dowan
  5369 | D:7      | Killed Duvessa
  5376 | D:7      | Killed Dowan
  5722 | D:7      | Reached *** piety under Okawaru
  5851 | D:7      | Noticed Prince Ribbit
  5882 | D:8      | Noticed septik's ghost (novice TrMo)
  5964 | D:8      | Found a burning altar of Makhleb.
  6005 | D:8      | Found a glowing silver altar of Zin.
  6073 | D:8      | Slain by septik's ghost

Action                   |  1- 3 |  4- 6 |  7- 9 || total
-------------------------+-------+-------+-------++-------
Melee: Unarmed           |   138 |   217 |   244 ||   599
 Fire: Blowgun           |       |       |     2 ||     2
Throw: Stone             |       |       |     1 ||     1
 Cast: Stoneskin         |       |       |     4 ||     4
Invok: Heroism           |       |       |     5 ||     5
 Abil: Spit Poison       |       |       |     1 ||     1
  Use: Scroll            |     4 |     7 |     5 ||    16
 Stab: Sleeping          |     2 |     2 |     2 ||     6
       Distracted        |       |       |     1 ||     1
  Eat: Chunk             |    18 |    18 |    30 ||    66
